 Dungeon Crawl Stone Soup version 0.20.1-1-g8b1a95d (webtiles) character file.

168 Internecine the Chopper (level 5, -1/67 HPs)
             Began as a Hill Orc Gladiator on Oct 4, 2017.
             Slain by Andry07's ghost (4 damage)
             ... on level 4 of the Dungeon.
             The game lasted 00:24:01 (2925 turns).

Internecine the Chopper (Hill Orc Gladiator)        Turns: 2925, Time: 00:24:02

Health: -1/67      AC: 22    Str: 17    XL:     5   Next: 49%
Magic:  5/5        EV:  2    Int:  8    God:
Gold:   165        SH:  0    Dex: 13    Spells: 4/4 levels left

rFire    . . .     SeeInvis .   a - +0 war axe
rCold    . . .     Gourm    .   (no shield)
rNeg     + + +     Faith    .   (armour currently unavailable)
rPois    +         Spirit   .   (helmet currently unavailable)
rElec    .         Reflect  .   (cloak currently unavailable)
rCorr    .         Harm     .   (gloves currently unavailable)
MR       .....     NoTele   +   (boots currently unavailable)
Stlth    +.........             (no amulet)
Regen    0.3/turn               (no ring)
MPRegen  0.1/turn               (no ring)

@: tree-form
A: no striking features
a: no special abilities


You were on level 4 of the Dungeon.
You were not hungry.
You were a tree.
You visited 1 branch of the dungeon, and saw 4 of its levels.

You collected 165 gold pieces.

Inventory:

Hand Weapons
 a - a +0 war axe (weapon)
 d - a +0 hunting sling
Missiles
 l - 97 stones
 m - a throwing net (quivered)
 t - 19 sling bullets
Armour
 b - a +0 leather armour
 c - a +0 helmet (melded)
 e - a +0 ring mail
 s - a +0 scale mail (melded)
Scrolls
 i - a scroll of recharging
 j - 3 scrolls of enchant weapon {unknown}
 n - 2 scrolls of teleportation {unknown}
 q - 3 scrolls of identify {unknown}
 r - a scroll of enchant armour {unknown}
 u - a scroll of magic mapping {unknown}
Potions
 g - a potion of heal wounds {unknown}
 h - a potion of berserk rage {unknown}
 k - a potion of lignification
Comestibles
 f - 2 bread rations
 o - 2 fruits
 p - 2 chunks of flesh


   Skills:
 + Level 3.4 Fighting
 + Level 6.1 Axes
 + Level 2.1 Throwing
 + Level 2.1 Armour
 + Level 2.7 Dodging


You had 4 spell levels left.
You didn't know any spells.

Dungeon Overview and Level Annotations

Branches:
Dungeon (4/15)
 Temple: D:4-7

Altars:
Qazlal

Annotations:
D:4 Andry07's ghost, amateur GrFi


Message History

Andry07's ghost hits you!
You hit Andry07's ghost.
Andry07's ghost is heavily damaged.
Andry07's ghost barely misses you.
You hit Andry07's ghost but do no damage.
Andry07's ghost is heavily damaged.
Andry07's ghost hits you!
You hit Andry07's ghost but do no damage.
Andry07's ghost is heavily damaged.
Andry07's ghost hits you. Andry07's ghost hits you!
* * * LOW HITPOINT WARNING * * *
You hit Andry07's ghost.
Andry07's ghost is heavily damaged.
Andry07's ghost hits you.
* * * LOW HITPOINT WARNING * * *
It was a potion of lignification.
You turn into a tree.
Your +0 helmet melds into your body.
Your +0 scale mail melds into your body.
Your roots penetrate the ground.
Andry07's ghost hits you.
You die...

# .#!######
........#####
#..........##.#
#.♣W.......
###........
#........
#........
.....###.
.....# .....#
.......


You could see Andry07's ghost.

Vanquished Creatures
  3 gnolls
  6 adders
  An ooze (D:2)
  2 worms (D:2)
  A dart slug (D:2)
  2 leopard geckos
  An orc (D:3)
  3 ball pythons
  5 giant cockroaches
  10 goblins
  12 hobgoblins
  2 jackals (D:1)
  A quokka (D:3)
  3 bats
  A frilled lizard (D:3)
  10 kobolds
  4 rats
67 creatures vanquished.

Notes
Turn   | Place    | Note
-------+----------+-------------------------------------------
     0 | D:1      | Internecine the Hill Orc Gladiator began the quest for the Orb.
     0 | D:1      | Reached XP level 1. HP: 18/18 MP: 1/1
   157 | D:1      | Reached XP level 2. HP: 25/25 MP: 2/2
   368 | D:1      | Reached XP level 3. HP: 28/30 MP: 3/3
   809 | D:3      | Reached skill level 1 in Armour
   811 | D:3      | Reached skill level 5 in Axes
   811 | D:3      | Reached XP level 4. HP: 17/37 MP: 4/4
  1806 | D:2      | Reached XP level 5. HP: 35/45 MP: 5/5
  1961 | D:2      | Reached skill level 6 in Axes
  2569 | D:3      | Found a stormy altar of Qazlal.
  2913 | D:4      | Noticed Andry07's ghost (amateur GrFi)
  2924 | D:4      | HP: 2/45 [Andry07's ghost (2)]
  2925 | D:4      | Slain by Andry07's ghost

Skill      XL: |  1  2  3  4  5 |
---------------+----------------+-----
Throwing       | 2 |  2.1
Armour         | 1 2 |  2.1
Axes           | 5 6 |  6.1
Fighting       | 3 |  3.4
Dodging        | |  2.7

Action                   |  1- 3 |  4- 6 || total
-------------------------+-------+-------++-------
Melee: War axe           |    74 |    99 ||   173
Throw: Throwing net      |     4 |     1 ||     5
       Stone             |     2 |       ||     2
  Use: Scroll            |       |     2 ||     2
       Potion            |       |     1 ||     1
  Eat: Chunk             |       |     5 ||     5
       Fruit             |       |     2 ||     2
Armor: Ring mail         |    37 |    27 ||    64
       Leather armour    |     1 |       ||     1
       Scale mail        |       |    14 ||    14
Dodge: Dodged            |    57 |    60 ||   117
